 Dungeon Crawl Stone Soup version 0.27.1-34-g3ba077fa99 (webtiles) character file.

Game seed: 14217105848188734390

52 cbfl8 the Covered (level 3, -1/33 HPs)
             Began as a Minotaur Fighter on Jan 25, 2022.
             Slain by a gnoll (6 damage)
             ... on level 2 of the Dungeon.
             The game lasted 00:03:00 (1487 turns).

cbfl8 the Covered (Minotaur Fighter)                Turns: 1487, Time: 00:03:01

Health: -1/33      AC:  7    Str: 20    XL:     3   Next: 60%
Magic:  2/2        EV:  7    Int:  6    God:
Gold:   55         SH:  9    Dex:  9    Spells: 2/2 levels left

rFire    . . .     SeeInvis .   a - +0 war axe
rCold    . . .     Faith    .   c - +0 kite shield
rNeg     . . .     Spirit   .   b - +0 scale mail
rPois    .         Reflect  .   (helmet restricted)
rElec    .         Harm     .   f - scarf {+Inv}
rCorr    .         Rampage  .   (no gloves)
Will     .....                  (no boots)
Stlth    ..........             (no amulet)
HPRegen  0.11/turn              (no ring)
MPRegen  0.08/turn              (no ring)

@: no status effects
A: horns 2, retaliatory headbutt
a: Evoke Invisibility


You were on level 2 of the Dungeon.
You visited 1 branch of the dungeon, and saw 3 of its levels.

You collected 55 gold pieces.

Inventory:

Hand Weapons
 a - a +0 war axe (weapon)
Armour
 b - a +0 scale mail (worn)
 c - a +0 kite shield (worn)
 f - a scarf of invisibility (worn)
Scrolls
 g - 2 scrolls of magic mapping {unknown}
 i - a scroll of teleportation {unknown}
Potions
 d - a potion of might
 e - a potion of curing {unknown}
 h - a potion of haste {unknown}
 j - 2 potions of brilliance {unknown}


   Skills:
 + Level 4.0 Fighting
 + Level 2.7 Axes
 + Level 4.6 Armour
 + Level 0.5 Dodging
 + Level 4.1 Shields


You had 2 spell levels left.
You didn't know any spells.
Your spell library contained the following spells:

 Spells                   Type           Power      Damage    Failure   Level
 Corona                   Hex            0%         N/A       99%         1
 Foxfire                  Conj/Fire      0%         2x1d4     99%         1
 Ensorcelled Hibernation  Hex/Ice        0%         N/A       100%        2
 Conjure Flame            Conj/Fire      0%         6-21      100%        3
 Inner Flame              Hex/Fire       0%         N/A       100%        3
 Tukima's Dance           Hex            0%         N/A       100%        3
 Animate Dead             Necr           0%         N/A       100%        4
 Haunt                    Necr/Summ      0%         N/A       100%        7
 Infestation              Necr           0%         N/A       100%        8


Dungeon Overview and Level Annotations

Branches:
Dungeon (3/15)

Altars:
Kikubaaqudgha


Innate Abilities, Weirdness & Mutations

You have a pair of horns on your head.
You reflexively headbutt those who attack you in melee.


Message History

There is a stone staircase leading down here.
You climb downwards.
There is a stone staircase leading up here.
As you open the door, it creaks loudly!
A quokka comes into view.
Found a spear.
You barely miss the quokka. You block the quokka's attack.
The quokka bites you but does no damage.
You hit the quokka but do no damage. The quokka closely misses you.
You block the quokka's attack.
You closely miss the quokka. The quokka bites you.
The quokka bites you but does no damage.
You miss the quokka.
The quokka bites you but does no damage.
You block the quokka's attack.
You barely miss the quokka. Your headbutt misses the quokka.
The quokka bites you.
The quokka bites you but does no damage.
You slash the quokka!
You kill the quokka!
You open the door.
There is an open door here.
You open the door.
There is an open door here.
You see here a +0 spear. 2 gnolls come into view.
The gnoll shouts! x2; You hear a shout!
A rat comes into view.
The gnoll moves out of view.
A gnoll comes into view. It is wielding a +0 whip.
The gnoll shouts!
You hit the rat.
You kill the rat!
The gnoll hits you from afar with a +0 halberd.
You block the gnoll's attack.
The gnoll hits you from afar with a +0 halberd!
The gnoll hits you with a +0 halberd!
* * * LOW HITPOINT WARNING * * *
The gnoll hits you with a +0 spear.
You die...

##### ####. ######....
..... #.......#
.....#### #...<...##
........# #.........
........# #........#
#.....# ####'#'#.#
###...gg##########......
......g@.........)......
############............
.....#####......
##.#########'#..
#.#.........#.# #
#.#########.#
#.##........#
#.##.######## #.##.# ###


You could see 3 gnolls.

Vanquished Creatures
  An adder (D:3)
  2 worms
  2 dart slugs (D:1)
  4 ball pythons
  4 endoplasms (D:1)
  4 hobgoblins
  3 jackals (D:3)
  A quokka (D:2)
  5 bats
  2 frilled lizards (D:1)
  2 kobolds
  3 rats
33 creatures vanquished.

Notes
Turn   | Place    | Note
-------+----------+-------------------------------------------
     0 | D:1      | cbfl8 the Minotaur Fighter began the quest for the Orb.
     0 | D:1      | Reached XP level 1. HP: 19/19 MP: 0/0
   259 | D:1      | Reached XP level 2. HP: 24/27 MP: 1/1
   945 | D:2      | Reached XP level 3. HP: 33/33 MP: 2/2
  1059 | D:2      | You fall into a shaft and drop 1 floor!
  1064 | D:3      | Found an ancient bone altar of Kikubaaqudgha.
  1341 | D:3      | Found a faded altar of an unknown god.
  1487 | D:2      | Slain by a gnoll

Illustrated notes

Levels and vault maps discovered:
D:1:      nicolae_arrival_memento_mori, layout_basic, st_stairs_1,
          kennysheep_decorative_pillar
D:2:      minmay_door_path, layout_basic, grunt_decor_one_mirror, minivault_4
D:3:      layout_loops_corners, old_standard_altar,
          shapermc_ecumenical_altar_mp_vishouse

Skill      XL: |  1  2 |
---------------+-------+-----
Armour         | 4 |  4.6
Shields        | 4 |  4.1
Fighting       | 4 |  4.0
Axes           | |  2.7
Dodging        | |  0.5

Action                   || total
-------------------------++-------
Melee: War axe           ||    68
       Headbutt          ||     9
Armor: Scale mail        ||    63
Dodge: Dodged            ||    34
Block: Kite shield       ||    48
